Vegas Golden Knights vs Pittsburgh Penguins
(R1)
Created - Friday, August 29, 2025 at 07:22
Goals
|
| Vegas Golden Knights |
0 |
1 |
1 |
2 |
| Pittsburgh Penguins |
3 |
0 |
0 |
3 |
|
Shots
|
| Vegas Golden Knights |
4 |
22 |
10 |
36 |
| Pittsburgh Penguins |
16 |
6 |
14 |
36 |
|
1st period
1. Pittsburgh Penguins , Leon Draisaitl 8 (Sam Reinhart 7) at 3:11 (PP)
2. Pittsburgh Penguins , Christian Dvorak 2 (Jordan Eberle 7, Erik Karlsson 8) at 14:04 (PP)
3. Pittsburgh Penguins , Ryan O'Reilly 10 (Gabriel Vilardi 11, Tage Thompson 17) at 17:20 (PP)
Penalties :
Brendan Smith (VGK) for Tripping (Minor) at 2:04, Reilly Smith (VGK) for High sticking (Double Minor) at 11:49, Sean Monahan (VGK) for Kneeing (Minor) at 17:04
2nd period
4. Vegas Golden Knights , Reilly Smith 2 (Jordan Staal 7) at 12:22
Penalties :
Bryan Rust (VGK) for Holding (Minor) at 1:14, Travis Hamonic (VGK) for Holding (Minor) at 9:18
3rd period
5. Vegas Golden Knights , Auston Matthews 11 (Bryan Rust 9) at 5:23
Penalties :
Bryan Rust (VGK) for Holding (Minor) at 7:45, Brian Dumoulin (PIT) for Tripping (Minor) at 17:23
Goalie Stats
Mackenzie Blackwood (VGK), 33 saves from 36 shots - (0.917), L, 11-2-1, 58:41 minutes
John Gibson (PIT), 34 saves from 36 shots - (0.944), W, 8-2-2, 60:00 minutes
Players Stats for Vegas Golden Knights
Player Name G A P +/- PIM S H SB GA TA FO MP PP MP PK MP
------------------------------------------------------------------------------------
Andreas Athanasiou 0 0 0 0 0 4 2 0 0 0 4/9 13:47 0:00 4:46
Anthony Mantha 0 0 0 0 0 3 1 0 0 1 0/0 10:18 1:17 0:00
Auston Matthews 1 0 1 1 0 6 2 0 0 0 0/0 15:03 1:03 0:14
Brendan Smith 0 0 0 0 2 0 5 1 0 1 0/0 16:46 0:00 4:11
Bryan Rust 0 1 1 1 4 3 4 0 0 2 0/0 15:45 1:03 0:56
Erik Johnson 0 0 0 0 0 0 1 3 0 0 0/0 17:21 0:00 4:45
Jared McCann 0 0 0 0 0 0 0 0 0 0 0/0 14:38 0:56 0:00
Jordan Staal 0 1 1 1 0 0 1 0 1 0 8/12 16:01 0:00 4:35
Mathew Barzal 0 0 0 1 0 1 2 0 2 0 0/0 12:48 0:42 0:28
Mathieu Olivier 0 0 0 0 0 1 3 0 0 0 0/1 13:47 0:00 4:46
Mika Zibanejad 0 0 0 1 0 4 0 0 0 0 9/17 14:46 1:03 0:00
Reilly Smith 1 0 1 1 4 4 1 0 0 0 0/0 15:21 0:00 3:25
Roman Josi 0 0 0 0 0 1 2 1 0 1 0/0 21:41 1:17 0:00
Sean Monahan 0 0 0 0 2 1 3 1 0 0 7/12 15:11 0:56 0:00
Shea Theodore 0 0 0 0 0 2 1 1 0 2 0/0 23:13 0:42 1:46
Thomas Chabot 0 0 0 2 0 2 2 2 0 0 0/0 20:02 0:00 4:50
Travis Hamonic 0 0 0 2 2 1 1 0 0 2 0/0 18:42 0:00 3:38
Tyler Toffoli 0 0 0 0 0 3 2 0 0 0 0/0 15:09 0:56 0:00
Players Stats for Pittsburgh Penguins
Player Name G A P +/- PIM S H SB GA TA FO MP PP MP PK MP
------------------------------------------------------------------------------------
Blake Coleman 0 0 0 0 0 3 2 0 0 0 0/0 14:05 0:00 0:00
Brian Dumoulin 0 0 0 0 2 1 1 2 1 1 0/0 21:28 4:54 0:00
Carson Soucy 0 0 0 0 0 1 0 2 1 0 0/0 15:12 0:00 0:51
Christian Dvorak 1 0 1 -1 0 4 1 0 0 0 0/0 9:58 0:09 0:00
Erik Gudbranson 0 0 0 0 0 0 0 1 0 0 0/0 15:51 0:00 1:02
Erik Karlsson 0 1 1 -2 0 6 1 1 0 1 0/0 23:17 4:41 0:57
Gabriel Vilardi 0 1 1 -1 0 1 1 0 0 0 0/0 17:05 4:40 0:00
Jordan Eberle 0 1 1 0 0 0 2 1 2 0 0/0 14:14 0:09 0:00
Leon Draisaitl 1 0 1 0 0 4 1 0 0 0 8/16 18:21 4:46 1:00
Mattias Ekholm 0 0 0 0 0 0 1 5 0 1 0/0 21:03 4:54 0:11
Mitchell Marner 0 0 0 0 0 0 0 0 2 0 0/3 18:21 4:46 1:00
Pavel Buchnevich 0 0 0 0 0 3 1 0 1 0 3/8 14:05 0:00 0:00
Phillip Danault 0 0 0 -1 0 3 2 0 1 0 3/3 9:21 0:00 0:00
Ryan O'Reilly 1 0 1 -1 0 5 1 0 0 0 6/17 18:04 4:40 0:59
Sam Reinhart 0 1 1 0 0 1 3 0 0 0 1/2 17:43 4:46 0:59
Tage Thompson 0 1 1 -1 0 3 2 1 1 0 2/2 17:05 4:40 0:00
Travis Sanheim 0 0 0 -2 0 1 0 3 0 0 0/0 23:17 4:41 0:57
Zemgus Girgensons 0 0 0 -1 0 0 2 0 0 0 0/0 9:30 0:09 0:00
3 Stars
1 - John Gibson (PIT)
2 - Auston Matthews (VGK)
3 - Leon Draisaitl (PIT)
Power Play
Vegas Golden Knights - 0 on 1 Attempt(s) - 0.00%
Pittsburgh Penguins - 3 on 7 Attempt(s) - 42.86%
Penalty Kill
Vegas Golden Knights - 4 on 7 Attempt(s) - 57.14%
- Score 0 goal in Penalty Kill
Pittsburgh Penguins - 1 on 1 Attempt(s) - 100.00%
- Score 0 goal in Penalty Kill
Team Stat
Vegas Golden Knights - Hits : 33 - Faceoff Wins : 28 - Blocked Shots : 9 - Penalty Minutes : 14
Pittsburgh Penguins - Hits : 21 - Faceoff Wins : 23 - Blocked Shots : 16 - Penalty Minutes : 2
Official
Referees : Francis Charron and Steve Kozari
Linesman : Matt MacPherson
Game Notes
Mattias Ekholm is injured at 17:57 of 3rd period (Groin)
Finance
Level 1 -- Attendance: 4646 (77.43%) -- Ticket Income $464,600
Level 2 -- Attendance: 3930 (78.60%) -- Ticket Income $235,800
Level 3 -- Attendance: 2259 (75.30%) -- Ticket Income $79,065
Level 4 -- Attendance: 3821 (76.42%) -- Ticket Income $95,525
Luxury Box -- Attendance: 838 (83.80%) -- Ticket Income $167,600
Game was played at the Consol Energy Center.
Total Attendance: 15494 (77.47%)
Total Ticket Income: $1,042,590
Other Income: $364,906
Total Income: $1,407,496
Vegas Golden Knights
5 vs 5 Forward
Center Left Wing Right Wing Time % Phy DF OF
1 Mika Zibanejad Auston Matthews Bryan Rust 30 1 2 2
2 Sean Monahan Jared McCann Tyler Toffoli 30 1 2 2
3 Jordan Staal Mathew Barzal Reilly Smith 25 1 2 2
4 Andreas Athanasiou Mathieu Olivier Anthony Mantha 15 1 2 2
5 vs 5 Defense
Defense Defense Time % Phy DF OF
1 Roman Josi Shea Theodore 30 1 2 2
2 Thomas Chabot Travis Hamonic 30 1 2 2
3 Brendan Smith Erik Johnson 25 1 2 2
4 Roman Josi Shea Theodore 15 1 2 2
PowerPlay Forward
Center Left Wing Right Wing Time % Phy DF OF
1 Mika Zibanejad Auston Matthews Bryan Rust 50 1 2 2
2 Sean Monahan Jared McCann Tyler Toffoli 50 1 2 2
PowerPlay Defense
Defense Defense Time % Phy DF OF
1 Shea Theodore Mathew Barzal 50 1 2 2
2 Roman Josi Anthony Mantha 50 1 2 2
Penalty Kill 4 Players Forward
Center Wing Time % Phy DF OF
1 Jordan Staal Reilly Smith 50 1 2 2
2 Andreas Athanasiou Mathieu Olivier 50 1 2 2
Penalty Kill 4 Players Defense
Defense Defense Time % Phy DF OF
1 Thomas Chabot Travis Hamonic 50 1 2 2
2 Brendan Smith Erik Johnson 50 1 2 2
Penalty Kill - 3 Players Forward
Forward Time % Phy DF OF
1 Jordan Staal 50 1 2 2
2 Andreas Athanasiou 50 1 2 2
Penalty Kill - 3 Players Defense
Defense Defense Time % Phy DF OF
1 Thomas Chabot Travis Hamonic 50 1 2 2
2 Brendan Smith Erik Johnson 50 1 2 2
4 vs 4 Forward
Center Wing Time % Phy DF OF
1 Mika Zibanejad Auston Matthews 50 1 2 2
2 Sean Monahan Tyler Toffoli 50 1 2 2
4 vs 4 Defense
Defense Defense Time % Phy DF OF
1 Shea Theodore Roman Josi 50 1 2 2
2 Thomas Chabot Travis Hamonic 50 1 2 2
Last Minutes Offensive
Center Left Wing Right Wing Defense Defense
Sean Monahan Auston Matthews Bryan Rust Shea Theodore Roman Josi
Last Minutes Defensive
Center Left Wing Right Wing Defense Defense
Jordan Staal Mathieu Olivier Reilly Smith Thomas Chabot Travis Hamonic
Goaltenders
Starting : Mackenzie Blackwood
Backup : Sergei Bobrovsky
Extra Forwards
Normal : Sean Monahan, Auston Matthews, Mika Zibanejad - PP : Jordan Staal, Reilly Smith - PK : Bryan Rust
Extra Defensemen
Normal : Thomas Chabot, Shea Theodore, Roman Josi - PP : Thomas Chabot - PK : Shea Theodore, Roman Josi
Penalty Shots
Mika Zibanejad, Sean Monahan, Bryan Rust, Anthony Mantha, Auston Matthews
Scratches
Jack Johnson (Strained Left Elbow Injury), Cole Smith (Healthy)
Pittsburgh Penguins
5 vs 5 Forward
Center Left Wing Right Wing Time % Phy DF OF
1 Leon Draisaitl Sam Reinhart Mitchell Marner 30 1 2 2
2 Ryan O'Reilly Tage Thompson Gabriel Vilardi 30 1 2 2
3 Pavel Buchnevich Blake Coleman Jordan Eberle 25 1 2 2
4 Phillip Danault Christian Dvorak Zemgus Girgensons 15 1 2 2
5 vs 5 Defense
Defense Defense Time % Phy DF OF
1 Travis Sanheim Erik Karlsson 35 1 2 2
2 Brian Dumoulin Mattias Ekholm 35 1 2 2
3 Carson Soucy Erik Gudbranson 30 1 2 2
4 Travis Sanheim Erik Karlsson 0 1 2 2
PowerPlay Forward
Center Left Wing Right Wing Time % Phy DF OF
1 Leon Draisaitl Sam Reinhart Mitchell Marner 50 1 2 2
2 Ryan O'Reilly Tage Thompson Gabriel Vilardi 50 1 2 2
PowerPlay Defense
Defense Defense Time % Phy DF OF
1 Travis Sanheim Erik Karlsson 50 1 2 2
2 Brian Dumoulin Mattias Ekholm 50 1 2 2
Penalty Kill 4 Players Forward
Center Wing Time % Phy DF OF
1 Mitchell Marner Leon Draisaitl 50 1 2 2
2 Sam Reinhart Ryan O'Reilly 50 1 2 2
Penalty Kill 4 Players Defense
Defense Defense Time % Phy DF OF
1 Travis Sanheim Erik Karlsson 50 1 2 2
2 Brian Dumoulin Mattias Ekholm 50 1 2 2
Penalty Kill - 3 Players Forward
Forward Time % Phy DF OF
1 Mitchell Marner 50 1 2 2
2 Leon Draisaitl 50 1 2 2
Penalty Kill - 3 Players Defense
Defense Defense Time % Phy DF OF
1 Travis Sanheim Erik Karlsson 50 1 2 2
2 Brian Dumoulin Mattias Ekholm 50 1 2 2
4 vs 4 Forward
Center Wing Time % Phy DF OF
1 Mitchell Marner Leon Draisaitl 50 1 2 2
2 Sam Reinhart Ryan O'Reilly 50 1 2 2
4 vs 4 Defense
Defense Defense Time % Phy DF OF
1 Travis Sanheim Erik Karlsson 50 1 2 2
2 Brian Dumoulin Mattias Ekholm 50 1 2 2
Last Minutes Offensive
Center Left Wing Right Wing Defense Defense
Leon Draisaitl Sam Reinhart Mitchell Marner Travis Sanheim Erik Karlsson
Last Minutes Defensive
Center Left Wing Right Wing Defense Defense
Leon Draisaitl Sam Reinhart Mitchell Marner Travis Sanheim Erik Karlsson
Goaltenders
Starting : John Gibson
Backup : Jordan Binnington
Extra Forwards
Normal : Christian Dvorak, Zemgus Girgensons, Pavel Buchnevich - PP : Christian Dvorak, Zemgus Girgensons - PK : Pavel Buchnevich
Extra Defensemen
Normal : Carson Soucy, Erik Gudbranson, Brian Dumoulin - PP : Carson Soucy - PK : Erik Gudbranson, Brian Dumoulin
Penalty Shots
Mitchell Marner, Leon Draisaitl, Sam Reinhart, Ryan O'Reilly, Tage Thompson
Scratches
Jack Finley (Healthy), Justin Kirkland (Healthy), Kale Clague (Healthy), Michael DiPietro (Healthy)
% Time on Ice - Vegas Golden Knights
Lines # - Real PCT - Wanted PCT - Time Play
Normal Forward
1 - 29% - 30% - 13:45
2 - 29% - 30% - 13:42
3 - 24% - 25% - 11:24
4 - 19% - 15% - 9:01
Normal Defense
1 - 30% - 30% - 14:31
2 - 32% - 30% - 15:27
3 - 26% - 25% - 12:14
4 - 12% - 15% - 5:40
PP Forward
1 - 53% - 50% - 1:03
2 - 47% - 50% - 0:56
PP Defense
1 - 35% - 50% - 0:42
2 - 65% - 50% - 1:17
PK Forward
1 - 50% - 50% - 4:49
2 - 50% - 50% - 4:46
PK Defense
1 - 50% - 50% - 4:50
2 - 50% - 50% - 4:45
PK3 Forward
1 - 0% - 50%
2 - 0% - 50%
PK3 Defense
1 - 0% - 50%
2 - 0% - 50%
44 Forward
1 - 0% - 50%
2 - 0% - 50%
44 Defense
1 - 0% - 50%
2 - 0% - 50%
Last Minute Offensive - 0:34
Last Minute Defensive - 0:00
Total
Forward - 60:00
Defense - 60:00
|
% Time on Ice - Pittsburgh Penguins
Lines # - Real PCT - Wanted PCT - Time Play
Normal Forward
1 - 26% - 30% - 12:35
2 - 26% - 30% - 12:25
3 - 29% - 25% - 14:05
4 - 19% - 15% - 9:21
Normal Defense
1 - 36% - 35% - 17:39
2 - 34% - 35% - 16:26
3 - 30% - 30% - 14:21
4 - 0% - 0% - 0:00
PP Forward
1 - 50% - 50% - 4:46
2 - 50% - 50% - 4:49
PP Defense
1 - 49% - 50% - 4:41
2 - 51% - 50% - 4:54
PK Forward
1 - 50% - 50% - 1:00
2 - 50% - 50% - 0:59
PK Defense
1 - 48% - 50% - 0:57
2 - 52% - 50% - 1:02
PK3 Forward
1 - 0% - 50%
2 - 0% - 50%
PK3 Defense
1 - 0% - 50%
2 - 0% - 50%
44 Forward
1 - 0% - 50%
2 - 0% - 50%
44 Defense
1 - 0% - 50%
2 - 0% - 50%
Last Minute Offensive - 0:00
Last Minute Defensive - 0:00
Total
Forward - 60:00
Defense - 60:00
|
Play-by-Play
1st period
0:01 of 1st period - Leon Draisaitl wins face-off versus Mika Zibanejad in neutral zone.
1:09 of 1st period - Snap shot by Christian Dvorak.
1:09 of 1st period - Stopped by Mackenzie Blackwood with a rebound.
1:13 of 1st period - Wrist shot by Phillip Danault.
1:13 of 1st period - Stopped by Mackenzie Blackwood without a rebound.
1:14 of 1st period - Phillip Danault wins face-off versus Andreas Athanasiou in Vegas Golden Knights zone.
2:01 of 1st period - Slapshot by Christian Dvorak.
2:01 of 1st period - Stopped by Mackenzie Blackwood without a rebound.
2:02 of 1st period - Mika Zibanejad wins face-off versus Ryan O'Reilly in Vegas Golden Knights zone.
2:04 of 1st period - Minor Penalty to Brendan Smith for Tripping.
2:05 of 1st period - Sam Reinhart wins face-off versus Jordan Staal in Vegas Golden Knights zone.
2:19 of 1st period - Snap shot by Leon Draisaitl.
2:19 of 1st period - Shot Misses the Net.
2:48 of 1st period - Snap shot by Mitchell Marner.
2:48 of 1st period - Shot Blocked by Erik Johnson.
2:50 of 1st period - Slapshot by Brian Dumoulin.
2:50 of 1st period - Deflect By Mathieu Olivier.
2:50 of 1st period - Stopped by Mackenzie Blackwood with a rebound.
2:52 of 1st period - Slapshot by Brian Dumoulin.
2:52 of 1st period - Shot Blocked by Erik Johnson.
2:54 of 1st period - Slapshot by Erik Karlsson.
2:54 of 1st period - Stopped by Mackenzie Blackwood with a rebound.
3:02 of 1st period - Shea Theodore is hit by Sam Reinhart and loses puck.
3:11 of 1st period - Wrist shot by Leon Draisaitl.
3:11 of 1st period - Goal by Leon Draisaitl - Vegas Golden Knights : 0 - Pittsburgh Penguins : 1.
3:12 of 1st period - Ryan O'Reilly wins face-off versus Sean Monahan in neutral zone.
3:37 of 1st period - Mattias Ekholm is hit by Brendan Smith and loses puck.
4:13 of 1st period - Wrist shot by Pavel Buchnevich.
4:13 of 1st period - Stopped by Mackenzie Blackwood with a rebound.
4:23 of 1st period - Backhand shot by Pavel Buchnevich.
4:23 of 1st period - Shot Misses the Net.
4:25 of 1st period - Slapshot by Erik Gudbranson.
4:25 of 1st period - Shot Blocked by Roman Josi.
4:27 of 1st period - Wrist shot by Carson Soucy.
4:27 of 1st period - Stopped by Mackenzie Blackwood without a rebound.
4:28 of 1st period - Sean Monahan wins face-off versus Leon Draisaitl in Vegas Golden Knights zone.
4:35 of 1st period - Slapshot by Tyler Toffoli.
4:35 of 1st period - Stopped by John Gibson without a rebound.
4:36 of 1st period - Sean Monahan wins face-off versus Leon Draisaitl in Pittsburgh Penguins zone.
5:21 of 1st period - Jordan Staal is hit by Zemgus Girgensons and loses puck.
6:59 of 1st period - Off-side.
7:00 of 1st period - Phillip Danault wins face-off versus Mika Zibanejad in neutral zone.
7:03 of 1st period - Auston Matthews is hit by Zemgus Girgensons and loses puck.
7:28 of 1st period - Wrist shot by Christian Dvorak.
7:28 of 1st period - Stopped by Mackenzie Blackwood with a rebound.
8:15 of 1st period - Snap shot by Bryan Rust.
8:15 of 1st period - Shot Blocked by Erik Karlsson.
8:17 of 1st period - Slapshot by Bryan Rust.
8:17 of 1st period - Shot Blocked by Travis Sanheim.
8:27 of 1st period - Anthony Mantha is hit by Sam Reinhart and loses puck.
8:36 of 1st period - Erik Karlsson is hit by Mathieu Olivier and loses puck.
8:47 of 1st period - Slapshot by Leon Draisaitl.
8:47 of 1st period - Shot Misses the Net.
8:55 of 1st period - Wrist shot by Christian Dvorak.
8:55 of 1st period - Shot Blocked by Sean Monahan.
8:57 of 1st period - Snap shot by Phillip Danault.
8:57 of 1st period - Shot Misses the Net.
9:13 of 1st period - Erik Gudbranson is hit by Thomas Chabot and loses puck.
9:34 of 1st period - Wrist shot by Pavel Buchnevich.
9:34 of 1st period - Stopped by Mackenzie Blackwood with a rebound.
10:35 of 1st period - Wrist shot by Mathieu Olivier.
10:35 of 1st period - Shot Misses the Net.
10:37 of 1st period - Wrist shot by Andreas Athanasiou.
10:37 of 1st period - Shot Blocked by Mattias Ekholm.
10:51 of 1st period - Erik Karlsson is hit by Brendan Smith and loses puck.
11:00 of 1st period - Snap shot by Tyler Toffoli.
11:00 of 1st period - Shot Blocked by Travis Sanheim.
11:02 of 1st period - Slapshot by Roman Josi.
11:02 of 1st period - Stopped by John Gibson with a rebound.
11:12 of 1st period - Travis Sanheim is hit by Bryan Rust and loses puck.
11:40 of 1st period - Carson Soucy is hit by Shea Theodore and loses puck.
11:49 of 1st period - Double Minor Penalty to Reilly Smith for High sticking.
11:50 of 1st period - Jordan Staal wins face-off versus Ryan O'Reilly in Vegas Golden Knights zone.
12:13 of 1st period - Gabriel Vilardi is hit by Mathieu Olivier and loses puck.
12:34 of 1st period - Brian Dumoulin is hit by Jordan Staal and loses puck.
12:41 of 1st period - Snap shot by Gabriel Vilardi.
12:41 of 1st period - Stopped by Mackenzie Blackwood without a rebound.
12:42 of 1st period - Jordan Staal wins face-off versus Mitchell Marner in Vegas Golden Knights zone.
13:44 of 1st period - Snap shot by Jordan Staal.
13:44 of 1st period - Shot Blocked by Brian Dumoulin.
14:04 of 1st period - Wrist shot by Christian Dvorak.
14:04 of 1st period - Goal by Christian Dvorak - Vegas Golden Knights : 0 - Pittsburgh Penguins : 2.
14:05 of 1st period - Pavel Buchnevich wins face-off versus Sean Monahan in neutral zone.
15:12 of 1st period - Slapshot by Phillip Danault.
15:12 of 1st period - Stopped by Mackenzie Blackwood without a rebound.
15:13 of 1st period - Phillip Danault wins face-off versus Mathieu Olivier in Vegas Golden Knights zone.
16:02 of 1st period - Snap shot by Auston Matthews.
16:02 of 1st period - Shot Misses the Net.
16:47 of 1st period - Wrist shot by Anthony Mantha.
16:47 of 1st period - Stopped by John Gibson with a rebound.
17:04 of 1st period - Minor Penalty to Sean Monahan for Kneeing.
17:05 of 1st period - Ryan O'Reilly wins face-off versus Andreas Athanasiou in Vegas Golden Knights zone.
17:08 of 1st period - Slapshot by Tage Thompson.
17:08 of 1st period - Stopped by Mackenzie Blackwood without a rebound.
17:09 of 1st period - Tage Thompson wins face-off versus Andreas Athanasiou in Vegas Golden Knights zone.
17:10 of 1st period - Wrist shot by Gabriel Vilardi.
17:10 of 1st period - Deflect By Ryan O'Reilly.
17:10 of 1st period - Stopped by Mackenzie Blackwood with a rebound.
17:18 of 1st period - Slapshot by Gabriel Vilardi.
17:18 of 1st period - Shot Blocked by Erik Johnson.
17:20 of 1st period - Snap shot by Ryan O'Reilly.
17:20 of 1st period - Goal by Ryan O'Reilly - Vegas Golden Knights : 0 - Pittsburgh Penguins : 3.
17:21 of 1st period - Leon Draisaitl wins face-off versus Sean Monahan in neutral zone.
17:48 of 1st period - Mattias Ekholm is hit by Bryan Rust and loses puck.
17:55 of 1st period - Wrist shot by Auston Matthews.
17:55 of 1st period - Stopped by John Gibson without a rebound.
17:56 of 1st period - Ryan O'Reilly wins face-off versus Jordan Staal in Pittsburgh Penguins zone.
17:56 of 1st period - Ryan O'Reilly is hit by Brendan Smith.
18:01 of 1st period - Icing by Gabriel Vilardi.
18:02 of 1st period - Ryan O'Reilly wins face-off versus Jordan Staal in Pittsburgh Penguins zone.
18:28 of 1st period - Roman Josi is hit by Blake Coleman and loses puck.
18:49 of 1st period - Snap shot by Jordan Staal.
18:49 of 1st period - Shot Misses the Net.
Goals for this period are 0 for Vegas Golden Knights vs 3 for Pittsburgh Penguins.
Shots for this period are 4 for Vegas Golden Knights vs 16 for Pittsburgh Penguins.
2nd period
0:01 of 2nd period - Mika Zibanejad wins face-off versus Leon Draisaitl in neutral zone.
0:16 of 2nd period - Wrist shot by Leon Draisaitl.
0:16 of 2nd period - Shot Misses the Net.
0:31 of 2nd period - Off-side.
0:32 of 2nd period - Ryan O'Reilly wins face-off versus Sean Monahan in neutral zone.
0:41 of 2nd period - Sean Monahan is hit by Tage Thompson and loses puck.
0:52 of 2nd period - Ryan O'Reilly is hit by Brendan Smith and loses puck.
1:01 of 2nd period - Snap shot by Tyler Toffoli.
1:01 of 2nd period - Shot Misses the Net.
1:03 of 2nd period - Wrist shot by Tyler Toffoli.
1:03 of 2nd period - Stopped by John Gibson without a rebound.
1:04 of 2nd period - Leon Draisaitl wins face-off versus Mika Zibanejad in Pittsburgh Penguins zone.
1:14 of 2nd period - Minor Penalty to Bryan Rust for Holding.
1:15 of 2nd period - Jordan Staal wins face-off versus Ryan O'Reilly in Vegas Golden Knights zone.
1:21 of 2nd period - Snap shot by Reilly Smith.
1:21 of 2nd period - Stopped by John Gibson without a rebound.
1:22 of 2nd period - Jordan Staal wins face-off versus Ryan O'Reilly in Pittsburgh Penguins zone.
1:23 of 2nd period - Snap shot by Reilly Smith.
1:23 of 2nd period - Shot Blocked by Travis Sanheim.
1:25 of 2nd period - Slapshot by Jordan Staal.
1:25 of 2nd period - Deflect By Reilly Smith.
1:25 of 2nd period - Shot Misses the Net.
1:25 of 2nd period - Puck is out of play.
1:26 of 2nd period - Andreas Athanasiou wins face-off versus Ryan O'Reilly in Pittsburgh Penguins zone.
1:38 of 2nd period - Snap shot by Thomas Chabot.
1:38 of 2nd period - Shot Hit the Post.
2:46 of 2nd period - Icing by Mitchell Marner.
2:47 of 2nd period - Jordan Staal wins face-off versus Sam Reinhart in Pittsburgh Penguins zone.
3:14 of 2nd period - Penalty to Bryan Rust is over, Bryan Rust is back on ice.
3:20 of 2nd period - Snap shot by Mika Zibanejad.
3:20 of 2nd period - Stopped by John Gibson with a rebound.
3:44 of 2nd period - Snap shot by Tyler Toffoli.
3:44 of 2nd period - Shot Misses the Net.
3:46 of 2nd period - Wrist shot by Tyler Toffoli.
3:46 of 2nd period - Stopped by John Gibson without a rebound.
3:47 of 2nd period - Sean Monahan wins face-off versus Ryan O'Reilly in Pittsburgh Penguins zone.
3:48 of 2nd period - Slapshot by Jared McCann.
3:48 of 2nd period - Shot Blocked by Carson Soucy.
3:50 of 2nd period - Snap shot by Shea Theodore.
3:50 of 2nd period - Stopped by John Gibson without a rebound.
3:51 of 2nd period - Mika Zibanejad wins face-off versus Ryan O'Reilly in Pittsburgh Penguins zone.
4:00 of 2nd period - Carson Soucy is hit by Auston Matthews and loses puck.
4:27 of 2nd period - Shea Theodore is hit by Pavel Buchnevich and loses puck.
5:01 of 2nd period - Sam Reinhart is hit by Anthony Mantha and loses puck.
5:24 of 2nd period - Snap shot by Tage Thompson.
5:24 of 2nd period - Stopped by Mackenzie Blackwood with a rebound.
6:34 of 2nd period - Snap shot by Andreas Athanasiou.
6:34 of 2nd period - Stopped by John Gibson without a rebound.
6:35 of 2nd period - Mika Zibanejad wins face-off versus Ryan O'Reilly in Pittsburgh Penguins zone.
6:36 of 2nd period - Snap shot by Auston Matthews.
6:36 of 2nd period - Stopped by John Gibson with a rebound.
6:38 of 2nd period - Wrist shot by Thomas Chabot.
6:38 of 2nd period - Stopped by John Gibson without a rebound.
6:39 of 2nd period - Mika Zibanejad wins face-off versus Ryan O'Reilly in Pittsburgh Penguins zone.
6:44 of 2nd period - Slapshot by Mika Zibanejad.
6:44 of 2nd period - Stopped by John Gibson with a rebound.
7:32 of 2nd period - Snap shot by Andreas Athanasiou.
7:32 of 2nd period - Deflect By Gabriel Vilardi.
7:32 of 2nd period - Stopped by John Gibson with a rebound.
7:34 of 2nd period - Snap shot by Andreas Athanasiou.
7:34 of 2nd period - Shot Misses the Net.
7:36 of 2nd period - Slapshot by Anthony Mantha.
7:36 of 2nd period - Stopped by John Gibson with a rebound.
7:38 of 2nd period - Slapshot by Roman Josi.
7:38 of 2nd period - Shot Blocked by Erik Gudbranson.
8:16 of 2nd period - Slapshot by Auston Matthews.
8:16 of 2nd period - Shot Misses the Net.
9:11 of 2nd period - Snap shot by Mathieu Olivier.
9:11 of 2nd period - Deflect By Andreas Athanasiou.
9:11 of 2nd period - Shot Misses the Net.
9:11 of 2nd period - Puck is out of play.
9:12 of 2nd period - Mika Zibanejad wins face-off versus Pavel Buchnevich in Pittsburgh Penguins zone.
9:13 of 2nd period - Snap shot by Bryan Rust.
9:13 of 2nd period - Stopped by John Gibson without a rebound.
9:14 of 2nd period - Mika Zibanejad wins face-off versus Pavel Buchnevich in Pittsburgh Penguins zone.
9:18 of 2nd period - Minor Penalty to Travis Hamonic for Holding.
9:19 of 2nd period - Tage Thompson wins face-off versus Andreas Athanasiou in Vegas Golden Knights zone.
9:28 of 2nd period - Wrist shot by Ryan O'Reilly.
9:28 of 2nd period - Stopped by Mackenzie Blackwood without a rebound.
9:29 of 2nd period - Andreas Athanasiou wins face-off versus Ryan O'Reilly in Vegas Golden Knights zone.
9:52 of 2nd period - Backhand shot by Tage Thompson.
9:52 of 2nd period - Shot Misses the Net.
9:54 of 2nd period - Slapshot by Tage Thompson.
9:54 of 2nd period - Stopped by Mackenzie Blackwood with a rebound.
9:56 of 2nd period - Snap shot by Gabriel Vilardi.
9:56 of 2nd period - Deflect By Thomas Chabot.
9:56 of 2nd period - Shot Misses the Net.
9:56 of 2nd period - Puck is out of play.
9:57 of 2nd period - Andreas Athanasiou wins face-off versus Leon Draisaitl in Vegas Golden Knights zone.
10:12 of 2nd period - Snap shot by Andreas Athanasiou.
10:12 of 2nd period - Shot Misses the Net.
11:18 of 2nd period - Penalty to Travis Hamonic is over, Travis Hamonic is back on ice.
11:32 of 2nd period - Thomas Chabot is hit by Jordan Eberle and loses puck.
11:43 of 2nd period - Erik Gudbranson is hit by Roman Josi and loses puck.
12:05 of 2nd period - Tyler Toffoli is hit by Phillip Danault and loses puck.
12:20 of 2nd period - Wrist shot by Jordan Staal.
12:20 of 2nd period - Shot Blocked by Tage Thompson.
12:22 of 2nd period - Slapshot by Reilly Smith.
12:22 of 2nd period - Goal by Reilly Smith - Vegas Golden Knights : 1 - Pittsburgh Penguins : 3.
12:23 of 2nd period - Sean Monahan wins face-off versus Leon Draisaitl in neutral zone.
13:04 of 2nd period - Wrist shot by Mika Zibanejad.
13:04 of 2nd period - Shot Misses the Net.
14:02 of 2nd period - Wrist shot by Sean Monahan.
14:02 of 2nd period - Stopped by John Gibson with a rebound.
14:04 of 2nd period - Slapshot by Roman Josi.
14:04 of 2nd period - Deflect By Sean Monahan.
14:04 of 2nd period - Shot Misses the Net.
14:04 of 2nd period - Puck is out of play.
14:05 of 2nd period - Leon Draisaitl wins face-off versus Mika Zibanejad in Pittsburgh Penguins zone.
14:10 of 2nd period - Backhand shot by Sam Reinhart.
14:10 of 2nd period - Stopped by Mackenzie Blackwood with a rebound.
14:32 of 2nd period - Sean Monahan is hit by Erik Karlsson and loses puck.
14:37 of 2nd period - Wrist shot by Ryan O'Reilly.
14:37 of 2nd period - Shot Blocked by Brendan Smith.
14:43 of 2nd period - Wrist shot by Ryan O'Reilly.
14:43 of 2nd period - Stopped by Mackenzie Blackwood with a rebound.
14:45 of 2nd period - Slapshot by Erik Gudbranson.
14:45 of 2nd period - Shot Misses the Net.
15:21 of 2nd period - Slapshot by Mathieu Olivier.
15:21 of 2nd period - Deflect By Andreas Athanasiou.
15:21 of 2nd period - Stopped by John Gibson with a rebound.
15:39 of 2nd period - Bryan Rust is hit by Leon Draisaitl and loses puck.
16:02 of 2nd period - Jared McCann is hit by Tage Thompson and loses puck.
16:13 of 2nd period - Slapshot by Ryan O'Reilly.
16:13 of 2nd period - Shot Misses the Net.
16:43 of 2nd period - Thomas Chabot is hit by Christian Dvorak and loses puck.
16:54 of 2nd period - Snap shot by Phillip Danault.
16:54 of 2nd period - Stopped by Mackenzie Blackwood with a rebound.
17:10 of 2nd period - Wrist shot by Mika Zibanejad.
17:10 of 2nd period - Stopped by John Gibson with a rebound.
17:12 of 2nd period - Wrist shot by Auston Matthews.
17:12 of 2nd period - Shot Misses the Net.
17:14 of 2nd period - Slapshot by Thomas Chabot.
17:14 of 2nd period - Deflect By Mitchell Marner.
17:14 of 2nd period - Stopped by John Gibson with a rebound.
17:16 of 2nd period - Snap shot by Mika Zibanejad.
17:16 of 2nd period - Stopped by John Gibson with a rebound.
17:18 of 2nd period - Wrist shot by Travis Hamonic.
17:18 of 2nd period - Stopped by John Gibson with a rebound.
17:30 of 2nd period - Carson Soucy is hit by Tyler Toffoli.
18:02 of 2nd period - Wrist shot by Reilly Smith.
18:02 of 2nd period - Shot Blocked by Mattias Ekholm.
18:12 of 2nd period - Mattias Ekholm is hit by Mathieu Olivier.
18:16 of 2nd period - Mattias Ekholm is hit by Andreas Athanasiou and loses puck.
18:21 of 2nd period - Wrist shot by Mathieu Olivier.
18:21 of 2nd period - Stopped by John Gibson with a rebound.
18:23 of 2nd period - Slapshot by Anthony Mantha.
18:23 of 2nd period - Shot Misses the Net.
18:25 of 2nd period - Slapshot by Brendan Smith.
18:25 of 2nd period - Deflect By Anthony Mantha.
18:25 of 2nd period - Stopped by John Gibson with a rebound.
18:35 of 2nd period - Jordan Eberle is hit by Auston Matthews.
18:43 of 2nd period - Slapshot by Auston Matthews.
18:43 of 2nd period - Stopped by John Gibson with a rebound.
18:45 of 2nd period - Wrist shot by Roman Josi.
18:45 of 2nd period - Shot Blocked by Mattias Ekholm.
19:02 of 2nd period - Mitchell Marner is hit by Tyler Toffoli and loses puck.
19:20 of 2nd period - Carson Soucy is hit by Reilly Smith and loses puck.
19:39 of 2nd period - Thomas Chabot is hit by Phillip Danault and loses puck.
19:50 of 2nd period - Travis Sanheim is hit by Thomas Chabot and loses puck.
Goals for this period are 1 for Vegas Golden Knights vs 0 for Pittsburgh Penguins.
Shots for this period are 22 for Vegas Golden Knights vs 6 for Pittsburgh Penguins.
3rd period
0:01 of 3rd period - Leon Draisaitl wins face-off versus Mika Zibanejad in neutral zone.
0:10 of 3rd period - Slapshot by Mitchell Marner.
0:10 of 3rd period - Shot Blocked by Thomas Chabot.
0:12 of 3rd period - Slapshot by Erik Karlsson.
0:12 of 3rd period - Shot Blocked by Thomas Chabot.
0:14 of 3rd period - Slapshot by Erik Karlsson.
0:14 of 3rd period - Deflect By Leon Draisaitl.
0:14 of 3rd period - Deflect By Mika Zibanejad.
0:14 of 3rd period - Stopped by Mackenzie Blackwood without a rebound.
0:15 of 3rd period - Sean Monahan wins face-off versus Ryan O'Reilly in Vegas Golden Knights zone.
0:49 of 3rd period - Slapshot by Leon Draisaitl.
0:49 of 3rd period - Stopped by Mackenzie Blackwood with a rebound.
0:51 of 3rd period - Slapshot by Erik Karlsson.
0:51 of 3rd period - Stopped by Mackenzie Blackwood with a rebound.
0:53 of 3rd period - Slapshot by Erik Karlsson.
0:53 of 3rd period - Stopped by Mackenzie Blackwood without a rebound.
0:54 of 3rd period - Jordan Staal wins face-off versus Pavel Buchnevich in Vegas Golden Knights zone.
1:15 of 3rd period - Jordan Staal is hit by Mattias Ekholm and loses puck.
1:24 of 3rd period - Wrist shot by Mathew Barzal.
1:24 of 3rd period - Shot Blocked by Jordan Eberle.
1:26 of 3rd period - Snap shot by Reilly Smith.
1:26 of 3rd period - Shot Misses the Net.
1:28 of 3rd period - Slapshot by Thomas Chabot.
1:28 of 3rd period - Shot Blocked by Brian Dumoulin.
1:30 of 3rd period - Snap shot by Mathew Barzal.
1:30 of 3rd period - Stopped by John Gibson with a rebound.
1:32 of 3rd period - Snap shot by Thomas Chabot.
1:32 of 3rd period - Deflect By Mathew Barzal.
1:32 of 3rd period - Shot Blocked by Mattias Ekholm.
1:32 of 3rd period - Puck is out of play.
1:33 of 3rd period - Mika Zibanejad wins face-off versus Leon Draisaitl in Pittsburgh Penguins zone.
2:30 of 3rd period - Snap shot by Tage Thompson.
2:30 of 3rd period - Shot Misses the Net.
2:32 of 3rd period - Snap shot by Ryan O'Reilly.
2:32 of 3rd period - Stopped by Mackenzie Blackwood with a rebound.
2:46 of 3rd period - Blake Coleman is hit by Sean Monahan and loses puck.
4:39 of 3rd period - Mitchell Marner is hit by Brendan Smith and loses puck.
5:23 of 3rd period - Wrist shot by Auston Matthews.
5:23 of 3rd period - Goal by Auston Matthews - Vegas Golden Knights : 2 - Pittsburgh Penguins : 3.
5:24 of 3rd period - Sean Monahan wins face-off versus Leon Draisaitl in neutral zone.
5:29 of 3rd period - Mitchell Marner is hit by Sean Monahan and loses puck.
5:42 of 3rd period - Brendan Smith is hit by Sam Reinhart and loses puck.
6:16 of 3rd period - Icing by Erik Johnson.
6:17 of 3rd period - Andreas Athanasiou wins face-off versus Pavel Buchnevich in Vegas Golden Knights zone.
6:26 of 3rd period - Wrist shot by Andreas Athanasiou.
6:26 of 3rd period - Stopped by John Gibson with a rebound.
6:29 of 3rd period - Icing by Erik Karlsson.
6:30 of 3rd period - Pavel Buchnevich wins face-off versus Sean Monahan in Pittsburgh Penguins zone.
7:22 of 3rd period - Wrist shot by Pavel Buchnevich.
7:22 of 3rd period - Shot Misses the Net.
7:24 of 3rd period - Wrist shot by Blake Coleman.
7:24 of 3rd period - Stopped by Mackenzie Blackwood with a rebound.
7:26 of 3rd period - Slapshot by Erik Karlsson.
7:26 of 3rd period - Stopped by Mackenzie Blackwood with a rebound.
7:28 of 3rd period - Slapshot by Jordan Eberle.
7:28 of 3rd period - Shot Misses the Net.
7:30 of 3rd period - Slapshot by Erik Karlsson.
7:30 of 3rd period - Stopped by Mackenzie Blackwood with a rebound.
7:32 of 3rd period - Snap shot by Blake Coleman.
7:32 of 3rd period - Stopped by Mackenzie Blackwood with a rebound.
7:34 of 3rd period - Slapshot by Erik Karlsson.
7:34 of 3rd period - Stopped by Mackenzie Blackwood with a rebound.
7:36 of 3rd period - Snap shot by Blake Coleman.
7:36 of 3rd period - Shot Blocked by Shea Theodore.
7:38 of 3rd period - Snap shot by Blake Coleman.
7:38 of 3rd period - Stopped by Mackenzie Blackwood without a rebound.
7:39 of 3rd period - Ryan O'Reilly wins face-off versus Mika Zibanejad in Vegas Golden Knights zone.
7:45 of 3rd period - Minor Penalty to Bryan Rust for Holding.
7:46 of 3rd period - Leon Draisaitl wins face-off versus Andreas Athanasiou in Vegas Golden Knights zone.
7:56 of 3rd period - Slapshot by Leon Draisaitl.
7:56 of 3rd period - Stopped by Mackenzie Blackwood with a rebound.
7:58 of 3rd period - Wrist shot by Leon Draisaitl.
7:58 of 3rd period - Deflect By Mitchell Marner.
7:58 of 3rd period - Shot Misses the Net.
7:58 of 3rd period - Puck is out of play.
7:59 of 3rd period - Jordan Staal wins face-off versus Leon Draisaitl in Vegas Golden Knights zone.
8:08 of 3rd period - Mathieu Olivier is hit by Brian Dumoulin and loses puck.
9:45 of 3rd period - Penalty to Bryan Rust is over, Bryan Rust is back on ice.
10:24 of 3rd period - Carson Soucy is hit by Bryan Rust and loses puck.
10:35 of 3rd period - Carson Soucy is hit by Sean Monahan.
10:56 of 3rd period - Reilly Smith is hit by Ryan O'Reilly and loses puck.
11:47 of 3rd period - Tage Thompson is hit by Mathew Barzal and loses puck.
12:04 of 3rd period - Slapshot by Roman Josi.
12:04 of 3rd period - Shot Misses the Net.
12:16 of 3rd period - Slapshot by Travis Sanheim.
12:16 of 3rd period - Stopped by Mackenzie Blackwood without a rebound.
12:17 of 3rd period - Pavel Buchnevich wins face-off versus Mika Zibanejad in Vegas Golden Knights zone.
12:40 of 3rd period - Jordan Eberle is hit by Erik Johnson.
13:06 of 3rd period - Snap shot by Auston Matthews.
13:06 of 3rd period - Stopped by John Gibson with a rebound.
13:08 of 3rd period - Snap shot by Bryan Rust.
13:08 of 3rd period - Stopped by John Gibson with a rebound.
13:10 of 3rd period - Snap shot by Auston Matthews.
13:10 of 3rd period - Stopped by John Gibson with a rebound.
13:12 of 3rd period - Wrist shot by Mika Zibanejad.
13:12 of 3rd period - Shot Misses the Net.
13:14 of 3rd period - Snap shot by Bryan Rust.
13:14 of 3rd period - Stopped by John Gibson without a rebound.
13:15 of 3rd period - Leon Draisaitl wins face-off versus Jordan Staal in Pittsburgh Penguins zone.
13:15 of 3rd period - Leon Draisaitl is hit by Roman Josi.
13:42 of 3rd period - Jared McCann is hit by Gabriel Vilardi and loses puck.
14:14 of 3rd period - Mattias Ekholm is hit by Andreas Athanasiou and loses puck.
15:01 of 3rd period - Roman Josi is hit by Jordan Eberle and loses puck.
16:14 of 3rd period - Snap shot by Pavel Buchnevich.
16:14 of 3rd period - Stopped by Mackenzie Blackwood with a rebound.
16:17 of 3rd period - Icing by Jordan Staal.
16:18 of 3rd period - Jordan Staal wins face-off versus Pavel Buchnevich in Vegas Golden Knights zone.
16:18 of 3rd period - Jordan Staal is hit by Blake Coleman.
16:28 of 3rd period - Carson Soucy is hit by Travis Hamonic and loses puck.
16:57 of 3rd period - Jordan Eberle is hit by Mathew Barzal and loses puck.
17:02 of 3rd period - Wrist shot by Reilly Smith.
17:02 of 3rd period - Stopped by John Gibson with a rebound.
17:04 of 3rd period - Slapshot by Thomas Chabot.
17:04 of 3rd period - Shot Misses the Net.
17:06 of 3rd period - Snap shot by Mathew Barzal.
17:06 of 3rd period - Shot Misses the Net.
17:08 of 3rd period - Snap shot by Travis Hamonic.
17:08 of 3rd period - Shot Misses the Net.
17:16 of 3rd period - Snap shot by Jordan Staal.
17:16 of 3rd period - Shot Misses the Net.
17:18 of 3rd period - Wrist shot by Jordan Staal.
17:18 of 3rd period - Shot Blocked by Carson Soucy.
17:20 of 3rd period - Wrist shot by Reilly Smith.
17:20 of 3rd period - Stopped by John Gibson without a rebound.
17:21 of 3rd period - Leon Draisaitl wins face-off versus Mika Zibanejad in Pittsburgh Penguins zone.
17:23 of 3rd period - Minor Penalty to Brian Dumoulin for Tripping.
17:24 of 3rd period - Mika Zibanejad wins face-off versus Mitchell Marner in Pittsburgh Penguins zone.
17:30 of 3rd period - Leon Draisaitl is hit by Bryan Rust and loses puck.
17:57 of 3rd period - Slapshot by Anthony Mantha.
17:57 of 3rd period - Shot Blocked by Mattias Ekholm.
17:57 of 3rd period - Mattias Ekholm from Pittsburgh Penguins is injured at 17:57 of 3rd period (Groin).
17:58 of 3rd period - Sean Monahan wins face-off versus Mitchell Marner in Pittsburgh Penguins zone.
18:09 of 3rd period - Slapshot by Sean Monahan.
18:09 of 3rd period - Shot Misses the Net.
18:11 of 3rd period - Snap shot by Shea Theodore.
18:11 of 3rd period - Shot Misses the Net.
18:13 of 3rd period - Wrist shot by Shea Theodore.
18:13 of 3rd period - Stopped by John Gibson with a rebound.
18:41 of 3rd period - Vegas Golden Knights, Mackenzie Blackwood is pulled from the net.
19:23 of 3rd period - Penalty to Brian Dumoulin is over, Brian Dumoulin is back on ice.
Goals for this period are 1 for Vegas Golden Knights vs 0 for Pittsburgh Penguins.
Shots for this period are 10 for Vegas Golden Knights vs 14 for Pittsburgh Penguins.
Back to the Top